 Dungeon Crawl Stone Soup version 0.27.0-1-g7a089689b8 (webtiles) character file.

Game seed: 15799153324859280107

137 ZombieSheep the Insei (level 5, -2/40 HPs)
             Began as a Gnoll Wanderer on Aug 6, 2021.
             Was a Priest of Trog.
             Slain by Sigmund (8 damage)
             ... on level 3 of the Dungeon.
             The game lasted 00:06:53 (3052 turns).

ZombieSheep the Insei (Gnoll Wanderer)              Turns: 3052, Time: 00:06:54

Health: -2/40      AC:  7    Str: 11    XL:     5   Next: 20%
Magic:  7/7        EV: 11    Int: 10    God:    Trog [***...]
Gold:   29         SH:  0    Dex: 14    Spells: 6/6 levels left

rFire    + . .     SeeInvis .     - Unarmed
rCold    . . .     Faith    .   (no shield)
rNeg     . . .     Spirit   .   a - +0 ring mail
rPois    .         Reflect  .   l - +0 helmet
rElec    .         Harm     .   k - +0 cloak
rCorr    .         Rampage  .   (no gloves)
Will     .....                  (no boots)
Stlth    ++........             (no amulet)
HPRegen  0.13/turn              d - ring of protection from fire
MPRegen  0.10/turn              (no ring)

@: on berserk cooldown
A: fangs 1, strong nose, distributed training
a: Renounce Religion, Berserk, Trog's Hand


You were on level 3 of the Dungeon.
You worshipped Trog.
Trog was most pleased with you.
You visited 1 branch of the dungeon, and saw 3 of its levels.

You collected 29 gold pieces.

Inventory:

Missiles
 g - 8 boomerangs (quivered)
 h - 3 silver javelins
Armour
 a - a +0 ring mail (worn)
 k - a +0 cloak (worn)
 l - a +0 helmet (worn)
Jewellery
 d - a ring of protection from fire (left hand)
Scrolls
 f - a scroll of summoning {unknown}
Potions
 b - 2 potions of berserk rage
 i - a potion of mutation
 j - 2 potions of attraction
 n - a potion of heal wounds {unknown}


   Skills:
 + Level 2.9 Fighting
 + Level 1.4 Short Blades
 + Level 1.4 Long Blades
 + Level 1.4 Axes
 + Level 1.4 Maces & Flails
 + Level 4.7 Polearms
 + Level 1.4 Staves
 + Level 1.4 Slings
 + Level 1.4 Bows
 + Level 1.4 Crossbows
 + Level 4.7 Throwing
 + Level 1.4 Armour
 + Level 2.9 Dodging
 + Level 2.7 Stealth
 + Level 1.4 Shields
 + Level 6.6 Unarmed Combat
 + Level 1.4 Spellcasting
 + Level 1.1 Conjurations
 + Level 1.1 Hexes
 + Level 1.1 Summonings
 + Level 1.1 Necromancy
 + Level 1.1 Translocations
 + Level 1.1 Transmutations
 + Level 1.1 Fire Magic
 + Level 1.1 Ice Magic
 + Level 1.1 Air Magic
 + Level 1.1 Earth Magic
 + Level 1.1 Poison Magic
 + Level 1.5 Invocations
 + Level 1.4 Evocations


You had 6 spell levels left.
You didn't know any spells.
Your spell library was empty.

Dungeon Overview and Level Annotations

Branches:
Dungeon (3/15)

Altars:
Trog

Shops:
D:3 ?([

Annotations:
D:3 Sigmund


Innate Abilities, Weirdness & Mutations

You have very sharp teeth.
Your uncanny sense of smell can sniff out nearby items.
Your experience applies equally to all skills.


Message History

Blink to where?
Press: ? - help, Dir - move target
As you read the scroll of blinking, it crumbles to dust.
You feel better.
Sigmund says, "Now you see me, now you don't..."
Sigmund points at you and mumbles some strange words.
The magic dart hits you but does no damage.
It was a potion of lignification.
You turn into a tree.
Your +0 cloak melds into your body.
Your +0 helmet melds into your body.
Your +0 ring mail melds into your body.
Your roots penetrate the ground.
You start resting.
Sigmund is nearby!
You cannot move.
Sigmund barely misses you.
Your transformation is almost over.
Sigmund mumbles some strange words.
Sigmund flickers and vanishes!
Something hits you but does no damage.
You hear some strange, mumbled words.
A puff of flame appears from out of thin air!
The puff of flame hits you but does no damage.
You feel yourself speed up.
Something hits you but does no damage. x2
Something hits you. Something hits you but does no damage.
Something hits you but does no damage. Something hits you but does no damage.
A magic dart appears from out of thin air!
The magic dart hits you!
There is a strange disturbance nearby!
Something hits you.
You feel less wooden.
Your +0 cloak unmelds from your body.
Your +0 helmet unmelds from your body.
Your +0 ring mail unmelds from your body.
Something barely misses you. Something hits you!
* * * LOW HITPOINT WARNING * * *
Something hits you.
* * * LOW HITPOINT WARNING * * *
You barely miss something. Something hits you!
You die...

..# ... #.#.# #.....##§..##8
..##.# #...# #.....##...###
#....###.# #...# #.....#8...8#
.........###.#.# #∩....##...##
#...####...#...#####..#####...#
#.#†.###............@....##...##
.............#.####.∩....#8...8#
#.#............####......##...##
#.########.....{@...).........#
#.# #####...........##.### ###
#...###.....#...#
###.#.##.....#.#..#
#.....##....#...#.#
####.#.#.#....#..∩..##
####........#.###.#...#.#
#####.....#.#.#.#.###..#.#..#
......#......#..#.......#...#


There were no monsters in sight!

Vanquished Creatures
  Robin (D:2)
  An adder (D:2)
  4 worms (D:2)
  4 dart slugs
  11 endoplasms
  3 giant cockroaches
  19 goblins
  13 hobgoblins
  6 kobolds
  2 quokkas (D:3)
  9 ball pythons
  4 bats
  2 frilled lizards (D:1)
  7 rats
86 creatures vanquished.

Vanquished Creatures (others)
  A plant (D:1)
1 creature vanquished.

Grand Total: 87 creatures vanquished

Notes
Turn   | Place    | Note
-------+----------+-------------------------------------------
     0 | D:1      | ZombieSheep the Gnoll Wanderer began the quest for the Orb.
     0 | D:1      | ZombieSheep set off with the following items: a +0 dagger,
                  | a potion of berserk rage, 2 potions of curing, a +0 robe, a
                  | scroll of blinking
     0 | D:1      | Reached XP level 1. HP: 17/17 MP: 1/1
   504 | D:1      | Reached XP level 2. HP: 23/23 MP: 2/2
   527 | D:1      | Found a faded altar of an unknown god.
   552 | D:1      | Became a worshipper of Trog the Wrathful
   552 | D:1      | Reached * piety under Trog
   697 | D:1      | Reached XP level 3. HP: 28/28 MP: 3/3
   949 | D:1      | Reached skill level 1 in Invocations
  1603 | D:2      | Reached skill level 1 in Short Blades
  1603 | D:2      | Reached skill level 1 in Long Blades
  1603 | D:2      | Reached skill level 1 in Axes
  1603 | D:2      | Reached skill level 1 in Maces & Flails
  1603 | D:2      | Reached skill level 1 in Staves
  1603 | D:2      | Reached skill level 1 in Slings
  1603 | D:2      | Reached skill level 1 in Bows
  1603 | D:2      | Reached skill level 1 in Crossbows
  1603 | D:2      | Reached skill level 1 in Armour
  1603 | D:2      | Reached skill level 1 in Shields
  1603 | D:2      | Reached skill level 1 in Spellcasting
  1603 | D:2      | Reached skill level 1 in Evocations
  1691 | D:2      | Reached ** piety under Trog
  1692 | D:2      | Reached XP level 4. HP: 29/34 MP: 5/5
  1826 | D:2      | Noticed Robin
  1850 | D:2      | Killed Robin
  2087 | D:2      | Reached skill level 1 in Conjurations
  2087 | D:2      | Reached skill level 1 in Hexes
  2087 | D:2      | Reached skill level 1 in Summonings
  2087 | D:2      | Reached skill level 1 in Necromancy
  2087 | D:2      | Reached skill level 1 in Translocations
  2087 | D:2      | Reached skill level 1 in Transmutations
  2087 | D:2      | Reached skill level 1 in Fire Magic
  2087 | D:2      | Reached skill level 1 in Ice Magic
  2087 | D:2      | Reached skill level 1 in Air Magic
  2087 | D:2      | Reached skill level 1 in Earth Magic
  2087 | D:2      | Reached skill level 1 in Poison Magic
  2488 | D:2      | Reached XP level 5. HP: 37/40 MP: 6/6
  2844 | D:3      | Reached *** piety under Trog
  2938 | D:3      | Found Avviku's Antique Weapon Boutique.
  2941 | D:3      | Found Walotaang's Armour Shoppe.
  2942 | D:3      | Found Ottes's Magic Scroll Emporium.
  2994 | D:3      | Noticed Sigmund
  3052 | D:3      | Slain by Sigmund

Illustrated notes

Levels and vault maps discovered:
D:1:      dpeg_cavernosity, layout_rooms,
          shapermc_ecumenical_altar_mp_ritualfount, chequers_big_river
D:2:      minmay_alternating_diamond, layout_loops_corners,
          minmay_fractal_squares_5, uniq_robin
D:3:      layout_rooms, serial_shops, shop_statue, nicolae_diamond_shop, shop,
          shop, hangedman_decor_riveting, minmay_misc_feat_enclosed,
          kennysheep_crisscross, corexii_hall_statues_t, uniq_sigmund

Skill      XL: |  1  2  3  4 |
---------------+-------------+-----
Invocations    | 1 |  1.5
Short Blades   | 1 |  1.4
Long Blades    | 1 |  1.4
Axes           | 1 |  1.4
Maces & Flails | 1 |  1.4
Staves         | 1 |  1.4
Slings         | 1 |  1.4
Bows           | 1 |  1.4
Crossbows      | 1 |  1.4
Armour         | 1 |  1.4
Shields        | 1 |  1.4
Spellcasting   | 1 |  1.4
Evocations     | 1 |  1.4
Conjurations   | 1 |  1.1
Hexes          | 1 |  1.1
Summonings     | 1 |  1.1
Necromancy     | 1 |  1.1
Translocations | 1 |  1.1
Transmutations | 1 |  1.1
Fire Magic     | 1 |  1.1
Ice Magic      | 1 |  1.1
Air Magic      | 1 |  1.1
Earth Magic    | 1 |  1.1
Poison Magic   | 1 |  1.1
Fighting       | |  2.9
Polearms       | |  4.7
Throwing       | |  4.7
Dodging        | |  2.9
Stealth        | |  2.7
Unarmed Combat | |  6.6

Action                   |  1- 3 |  4- 6 || total
-------------------------+-------+-------++-------
Melee: Unarmed           |    95 |   105 ||   200
       Bite              |     3 |     4 ||     7
       Punch             |     2 |     1 ||     3
Throw: Boomerang         |    14 |       ||    14
Invok: Berserk           |       |     2 ||     2
  Use: Scroll            |     3 |     4 ||     7
       Potion            |       |     3 ||     3
 Stab: Sleeping          |     1 |     3 ||     4
Armor: Ring mail         |    24 |    29 ||    53
       Skin              |       |     7 ||     7
Dodge: Dodged            |    44 |    41 ||    85
